[Event "*** SCC Grand Prix: Titled Tuesday Blitz"]
[Site "Chess.com"]
[Date "2020.07.14"]
[Round "3"]
[White "Chuchofrio1"]
[Black "Muguet7"]
[Result "0-1"]
[WhiteElo "2175"]
[BlackElo "2413"]
[TimeControl "180+1"]
[EndTime "10:29:50 PDT"]
[Termination "Muguet7 won on time"]

1. d4 Nf6 2. c4 e6 3. Nc3 Bb4 4.
Qc2 d5 5. cxd5 exd5 6. Bg5 h6 7. Bxf6 Qxf6 8. a3 Bxc3+ 9. Qxc3 c6 10. Nf3 O-O 11.
e3 Bf5 12. Be2 Nd7 13. O-O Rfe8 14. Rfc1 a5 15. b4 axb4 16. axb4 Qd6 17. h3 Nf6 18. Qb2 Ne4 19. b5 Bd7 20. Ne5 Rxa1 21. Qxa1 Rc8 22. Qa7 f6 23. Nxd7 Qxd7 24. bxc6 Rxc6 25. Rb1 Qc7 26.
Qa1 Nc3 27. Qa8+ Kh7 28. Bd3+ Ne4 29. Bxe4+ dxe4 30. g3 Rc1+ 31. Rxc1 Qxc1+ 32. Kg2 Qc6 33. Qa5 b5 34. Qb4 Qc4 35. Qe7 Qc6 36. h4 Kg6 37. h5+ Kh7 38. g4 Qd5 39. Kg3 f5 40. g5 hxg5 41.
Qxg5 Qe6 42. Qd8 b4 43. Qb8 b3 44. Qb5 Qf7 45. d5 Qc7+ 46. Kg2 f4 47. Qxb3 f3+ 48. Kg1 Qc1+ 49. Kh2 Qf1 50. Kg3 Qg2+ 51. Kf4 Qxf2 52.
d6 Qh4+ 53. Ke5 f2 0-1

[Event "*** SCC Grand Prix: Titled Tuesday Blitz"]
[Site "Chess.com"]
[Date "2020.07.14"]
[Round "3"]
[White "harlem4brew"]
[Black "Ceejay271"]
[Result "0-1"]
[WhiteElo "2113"]
[BlackElo "2341"]
[TimeControl "180+1"]
[EndTime "10:29:52 PDT"]
[Termination "Ceejay271 won by checkmate"]

1. e4 c5 2. Nf3 Nc6 3. d4 cxd4 4.
Nxd4 g6 5. Nc3 Bg7 6. Be3 Nf6 7.
f3 d5 8. Nxc6 bxc6 9. e5 Nd7 10.
f4 O-O 11. Be2 e6 12. O-O f6 13. Bg4 f5 14. Be2 Rb8 15. Rb1 Qa5 16. a3 c5 17.
Bd2 Qd8 18. b4 cxb4 19. axb4 Nb6 20. Be3 a6 21. Bc5 Rf7 22. Qd4 Bf8 23. Bd3 Qc7 24. Ne2 Bxc5 25. bxc5 Nd7 26. Rxb8 Nxb8 27. Qb4 Nd7 28.
Ra1 Qxc5+ 29. Qd4 Qxd4+ 30. Nxd4 Nc5 31. Be2 Rc7 32. Ra5 Kf7 33. h4 Bb7 34. Ra3 Ke7 35. h5 gxh5 36. Bxh5 Ne4 37. Be2 Rc3 38. Ra2 Nc5 39. Rb2 Kd7 40. Kf2 Kc7 41. Rb4 Ra3 42. g3 a5 43. Rb2 Bc6 44. Bb5 Ne4+ 45. Ke1 Ra1+ 46. Ke2 Bxb5+ 47. Nxb5+ Kd7 48. Nd4 Nxg3+ 49. Kf3 Ne4 50. Rb7+ Kc8 51. Rxh7 a4 52. Nxe6 a3 53. Rc7+ Kb8 54. Rd7 a2 55. Ke2 Re1+ 56. Kxe1 a1=Q+ 57. Ke2 Qa6+ 58. Kf3 Qa3+ 59. Kg2 Qg3+ 60. Kh1 Nf2# 0-1

[Event "*** SCC Grand Prix: Titled Tuesday Blitz"]
[Site "Chess.com"]
[Date "2020.07.14"]
[Round "3"]
[White "Sacbutt"]
[Black "earling8018"]
[Result "1-0"]
[WhiteElo "2301"]
[BlackElo "2051"]
[TimeControl "180+1"]
[EndTime "10:29:52 PDT"]
[Termination "Sacbutt won on time"]

1. d4 d5 2. c4 e6 3. Nc3 c5 4.
Nf3 Nf6 5. e3 Nc6 6. cxd5 exd5 7.
Bb5 Bd6 8. dxc5 Bxc5 9. O-O O-O 10. h3 Bf5 11. b3 Rc8 12. Bb2 Qd6 13. Ne2 Ne4 14.
Ned4 Nxd4 15. Nxd4 Qg6 16. Nxf5 Qxf5 17. Qe2 Rfd8 18.
Rad1 Bb4 19. Bd3 Qe6 20. Bd4 b6 21. Ba6 Nc3 22. Bxc3 Rxc3 23. Rd3 Qc6 24. Rfd1 g6 25. Rxc3 Qxc3 26. Qd3 d4 27. exd4 Qxd3 28. Rxd3 f6 29. Kf1 Kf7 30. Ke2 Ke7 31. Kf3 Rd5 32. Re3+ Kd6 33.
Ke4 Ra5 34. Bc4 Rxa2 35. Kf3 Rd2 36. Rd3 Rxd3+ 37. Bxd3 Kd5 38. Ke3 Bc3 39. Bc4+ Kd6 40. Kd3 Bb2 41. Bg8 h6 42. Bh7 g5 43. Be4 Ba3 44. g4 Bb2 45. f3 Ba3 46. Kc4 a6 47. Bb7 b5+ 48. Kd3 a5 49. Ba6 a4 50. bxa4 bxa4 51. Bb5 Bb2 52. Bxa4 Kd5 53. Bb3+ Kd6 54. Ke4 Ba1 55. Bc4 Bb2 56. Bd3 Ba1 57. Bb1 Bb2 58. Ba2 Ba1 59. d5 Bb2 60. Kf5 Bd4 61. Kg6 Ke5 62.
Kxh6 Bc5 63. Kg6 1-0

[Event "*** SCC Grand Prix: Titled Tuesday Blitz"]
[Site "Chess.com"]
[Date "2020.07.14"]
[Round "3"]
[White "kran900"]
[Black "Yoshikrov"]
[Result "1-0"]
[WhiteElo "2458"]
[BlackElo "2126"]
[TimeControl "180+1"]
[EndTime "10:29:54 PDT"]
[Termination "kran900 won on time"]

1. e4 c5 2. Nf3 d6 3. d4 cxd4 4. Nxd4 Nf6 5. Nc3 a6 6. Be3 e5 7.
Nb3 Be6 8. f3 h5 9. Qd2 Nbd7 10.
O-O-O b5 11. Kb1 Nb6 12. Qf2 Nc4 13. Bc1 Rc8 14. Bxc4 Bxc4 15. f4 Qc7 16. fxe5 dxe5 17. Nd5 Bxd5 18. exd5 Be7 19. Rhe1 O-O 20. Re2 a5 21. d6 Bxd6 22. Nxa5 Bc5 23. Qe1 Rfe8 24. Nb3 Bb6 25. Qg3 Kh8 26. Bg5 Ng4 27. h3 Nf2 28. Rxf2 Bxf2 29. Qxf2 f6 30. Be3 Red8 31. Rc1 Qf7 32. Qe2 b4 33. Rd1 Qg6 34. Rxd8+ Rxd8 35.
Bd2 Rb8 36. g4 hxg4 37. hxg4 Qh7 38. g5 Qh1+ 39. Nc1 Kg8 40. gxf6 gxf6 41. Qg4+ Kf7 42. Bxb4 Qb7 43. a3 Qb5 44. Nd3 Rg8 45. Qh5+ Ke6 46.
Qh3+ Kf7 47. b3 Rg1+ 48. Kb2 Rg5 49. Qh7+ Rg7 50. Qe4 Rg5 51. Bd2 Rg8 52. a4 Qd7 53.
Qc4+ 1-0

[Event "*** SCC Grand Prix: Titled Tuesday Blitz"]
[Site "Chess.com"]
[Date "2020.07.14"]
[Round "3"]
[White "Morshynska"]
[Black "Zhani-Z"]
[Result "0-1"]
[WhiteElo "2182"]
[BlackElo "2419"]
[TimeControl "180+1"]
[EndTime "10:29:54 PDT"]
[Termination "Zhani-Z won on time"]

1. e4 e5 2. Nf3 Nc6 3. d4 exd4 4. Nxd4 Bb4+ 5. c3 Be7 6. Nf5 Bf6 7. Bc4 Nge7 8. Ng3 O-O 9. O-O d5 10. exd5 Na5 11. Bd3 Nxd5 12. Qf3 Nc6 13. Be4 Ne5 14. Qe2 c6 15. Qc2 g6 16. Bh6 Re8 17. Rd1 Ng4 18.
Bf4 Qb6 19. Bxd5 cxd5 20. h3 Ne5 21. Nd2 Be6 22. Be3 Qc7 23. Bd4 Bg7 24. Re1 Rac8 25. Rad1 h5 26. Qa4 a6 27. Ndf1 Nc4 28. Bxg7 Kxg7 29.
Qc2 h4 30. Ne2 Bf5 31. Qc1 Re7 32. Nd4 Be6 33. Qg5 Rce8 34. Nxe6+ Rxe6 35. Rxe6 Rxe6 36. b3 Nd6 37. Rd3 Ne4 38. Qxd5 Qb6 39. Qd4+ Qxd4 40.
cxd4 Rc6 41. f3 Nc3 42. Kh2 Kf6 43. Ne3 Rc8 44. Ng4+ Ke7 45. Ne5 Nd5 46. Rd2 Rc3 47.
Re2 Kf8 48. Nd7+ Kg7 49. Nc5 Rc1 50. Nxb7 Rd1 51. Nc5 Nf4 52. Rf2 Nh5 0-1

[Event "*** SCC Grand Prix: Titled Tuesday Blitz"]
[Site "Chess.com"]
[Date "2020.07.14"]
[Round "3"]
[White "binbin239"]
[Black "Sjakkerntobi"]
[Result "0-1"]
[WhiteElo "2525"]
[BlackElo "2361"]
[TimeControl "180+1"]
[EndTime "10:29:56 PDT"]
[Termination "Sjakkerntobi won by checkmate"]

1. d4 e6 2. c4 d5 3. Nf3 Nf6 4.
g3 a6 5. Qc2 dxc4 6. Qxc4 b5 7.
Qc2 Bb7 8. Bg2 Nbd7 9. O-O c5 10. a4 Be7 11. axb5 axb5 12. Rxa8 Qxa8 13. dxc5 Bxc5 14.
Nc3 b4 15. Na4 Be7 16. Be3 O-O 17. Nb6 Nxb6 18. Bxb6 Rc8 19. Qd2 Nd5 20. Bd4 Bf6 21. e4 Bxd4 22. exd5 Bf6 23. Qxb4 Bxd5 24. Ne1 Bxg2 25.
Nxg2 Rb8 26. Qd6 Rxb2 27. Ne3 Qd8 28. Qa6 h6 29. Rd1 Rd2 30. Rc1 Qe7 31. Qa5 Rd8 32. Rc7 Qf8 33. Kg2 Rc8 34. Rd7 Qc5 35. Qd2 Qc6+ 36.
Kh3 Bg5 37. f4 Bf6 38. Ng4 Qc3 39. Qd6 Qa1 40. Qd3 h5 41. Nxf6+ Qxf6 42. Kg2 Ra8 43. Kf3 Rc8 44. Ke2 g6 45. Rd4 Rb8 46. Kf3 Ra8 47. Ke2 Qe7 48. Rd7 Ra2+ 49. Kf3 Qf6 50. Rd8+ Kg7 51. Rc8 Qb2 52. Ke3 Qf2+ 53. Ke4 Re2+ 54. Qxe2 Qxe2+ 55. Kd4 Qd2+ 56. Ke5 Qe3+ 57. Kd6 Qd4+ 58.
Ke7 Qg1 59. Rc7 Qxh2 60. Ke8 Qxg3 61. Rxf7+ Kh6 62. Rf6 h4 63. Rxe6 Qg4 64. Rf6 h3 65.
Kf7 h2 66. f5 Qxf5 67. Rxf5 gxf5 68. Kf6 h1=Q 69. Kxf5 Qe1 70. Kg4 Kg6 71. Kf3 Qb4 72. Kg2 Qf4 73. Kh3 Qg5 74. Kh2 Kf5 75. Kh3 Kf4 76.
Kh2 Kf3 77. Kh1 Qg2# 0-1

[Event "*** SCC Grand Prix: Titled Tuesday Blitz"]
[Site "Chess.com"]
[Date "2020.07.14"]
[Round "3"]
[White "Rish_97"]
[Black "Tashik"]
[Result "1-0"]
[WhiteElo "2681"]
[BlackElo "2416"]
[TimeControl "180+1"]
[EndTime "10:29:57 PDT"]
[Termination "Rish_97 won on time"]

1. d4 Nf6 2. Nf3 e6 3. Bf4 d5 4. e3 Bd6 5. Nbd2 O-O 6. Bd3 c5 7. dxc5 Bxf4 8. exf4 Qc7 9. g3 Qxc5 10. O-O b6 11.
Qe2 a5 12. Nb3 Qc7 13. Nbd4 Ba6 14. a4 Ne4 15. Ne5 Bxd3 16. cxd3 Nc5 17. Nb5 Qe7 18. d4 Ne4 19. f3 Nd6 20. Rfc1 Na6 21. Rc6 Nxb5 22.
Qxb5 Nb4 23. Rxb6 Rfc8 24. Rb7 Qe8 25. Qxe8+ Rxe8 26. Rc1 f6 27. Ng4 Rec8 28. Rc3 Rxc3 29. bxc3 Na2 30. Rb3 Rc8 31. Nf2 Nxc3 32. Nd3 Nxa4 33.
Ra3 Nc3 34. Rxa5 Ne2+ 35. Kf2 Nxd4 36. Ke3 Nf5+ 37. Kd2 Rc7 38. Rc5 Rxc5 39. Nxc5 Kf7 40. Nd3 Nd6 41. Ke3 Nc4+ 42. Kd4 Nd6 43. g4 Nb5+ 44. Kc5 Nc7 45. Kc6 Ne8 46. Kd7 g6 47. Nc5 Ng7 48. Kd6 Ne8+ 49. Kd7 Ng7 50. Nb7 e5 51. Nd6+ Kf8 52. fxe5 fxe5 53. Kc6 d4 54. Kd5 d3 55. Ne4 Ke7 56. Kxe5 Ne6 57. Kd5 Nc5 58. Kxc5 1-0

[Event "*** SCC Grand Prix: Titled Tuesday Blitz"]
[Site "Chess.com"]
[Date "2020.07.14"]
[Round "3"]
[White "Guenplen"]
[Black "Stormeman100100"]
[Result "1/2-1/2"]
[WhiteElo "2877"]
[BlackElo "2451"]
[TimeControl "180+1"]
[EndTime "10:29:58 PDT"]
[Termination "Game drawn - insufficient material"]

1. d4 Nf6 2. Bf4 d5 3. e3 c5 4.
c3 Nc6 5. Nd2 cxd4 6. exd4 Bf5 7. Ngf3 e6 8. Be2 Bd6 9. Bxd6 Qxd6 10. O-O O-O 11. Re1 Rab8 12. a4 a6 13. a5 Qc7 14.
Nb3 Ne7 15. Nfd2 Nc8 16. Nc5 Nd6 17. b4 Nfe4 18. Rc1 Nxd2 19. Qxd2 Ne4 20. Qe3 Nxc5 21.
dxc5 e5 22. Qg3 Rfe8 23. Rcd1 Rbd8 24. Bf3 Be4 25. Bxe4 dxe4 26. Qg4 Qc6 27. h4 Rd3 28. Rc1 Rd2 29. Qxe4 Qxe4 30. Rxe4 f5 31. Ree1 e4 32. Kf1 Red8 33. Re2 R2d3 34. g3 Kf7 35. Rb2 e3 36. Re2 exf2 37. Kxf2 R8d7 38. Rcc2 h6 39. Re3 g5 40.
hxg5 hxg5 41. Rce2 Rxe3 42. Rxe3 Kf6 43. Re8 f4 44.
gxf4 gxf4 45. Kf3 Rd3+ 46. Kxf4 Rxc3 47. Ke4 Rc4+ 48. Kd5 Rxb4 49. Re6+ Kf7 50. Re2 Rb1 51. Kd6 Rb5 52. Re7+ Kf6 53. Rc7 Rb1 54. Kd7 Rb5 55.
Kc8 Ke5 56. Kb8 Kd5 57. Ka7 Rxc5 58. Rxb7 Rxa5 59. Rb6 Rc5 60. Kxa6 Rc6 61. Rxc6 Kxc6 1/2-1/2

[Event "*** SCC Grand Prix: Titled Tuesday Blitz"]
[Site "Chess.com"]
[Date "2020.07.14"]
[Round "3"]
[White "aa175"]
[Black "chesslh19"]
[Result "1-0"]
[WhiteElo "2390"]
[BlackElo "2144"]
[TimeControl "180+1"]
[EndTime "10:29:58 PDT"]
[Termination "aa175 won by resignation"]

1. d4 Nf6 2. Bf4 d5 3. e3 Bf5 4. Nf3 e6 5. c4 c6 6. Qb3 Qb6 7. c5 Qxb3 8. axb3 Nbd7 9. b4 a6 10. b5 cxb5 11. Bxb5 Bxb1 12. c6 bxc6 13. Bxc6 Rc8 14.
Bxd7+ Nxd7 15. Rxb1 Bb4+ 16. Kd1 Ke7 17. Ne1 Bxe1 18.
Rxe1 Rc6 19. Kd2 Nf6 20. f3 Rhc8 21. Rec1 Rxc1 22. Rxc1 Rxc1 23. Kxc1 Kd7 24. Be5 Ne8 25. Kc2 Kc6 26. Kb3 Kb5 27. h3 f6 28. Bg3 g6 29.
Kc3 Ng7 30. Bf2 Nf5 31. g4 Nd6 32. b3 f5 33. Bg3 Nc8 34. Bc7 Ne7 35. Bd6 Nc6 36.
Bf8 a5 37. Bd6 a4 38. bxa4+ Kxa4 39. Bc5 Kb5 40. Bd6 Ka4 41. Bf8 Kb5 42. Kb3 Na5+ 43. Kc3 Nc6 44. h4 h5 45. gxh5 gxh5 46. Kd3 Na5 47.
e4 fxe4+ 48. fxe4 Nc6 49. e5 Kb6 50. Bc5+ Kc7 51. Ke3 Kd7 52. Kf4 Ke8 53. Kg5 Kf7 54. Kxh5 Na5 55. Kg5 Nb3 56. h5 Kg7 57. Bb6 Kh7 58.
Kf6 Kh6 59. Kxe6 Kxh5 60. Kxd5 Kg6 61. e6 Kf6 62. Bd8+ Kg7 63. Ke5 Kf8 64. d5 Ke8 65. Bg5 Nc5 66. Be3 Nd3+ 67. Kf6 Nb4 68. Ke5 Nd3+ 69.
Kd6 Nb4 70. Bd2 Nd3 71. Kc7 Ne5 72. d6 Kf8 1-0

[Event "*** SCC Grand Prix: Titled Tuesday Blitz"]
[Site "Chess.com"]
[Date "2020.07.14"]
[Round "3"]
[White "MusicCityMaster"]
[Black "wannabe2700"]
[Result "0-1"]
[WhiteElo "2414"]
[BlackElo "2659"]
[TimeControl "180+1"]
[EndTime "10:30:01 PDT"]
[Termination "wannabe2700 won on time"]

1. e4 c6 2. d4 d5 3. Nc3 g6 4. Nf3 Bg7 5. h3 dxe4 6. Nxe4 Nf6 7. Nxf6+ exf6 8. Bc4 O-O 9. O-O Nd7 10. b3 Nb6 11.
Be2 f5 12. Bb2 Re8 13. c4 f4 14. Re1 Bf5 15. Qd2 g5 16. Rad1 Qf6 17. Ne5 Rad8 18. Qa5 Nc8 19. Bg4 Bxg4 20. hxg4 Qe6 21. Rd3 f6 22. Nf3 Qxg4 23. d5 Rxe1+ 24. Qxe1 cxd5 25.
cxd5 Nb6 26. d6 Qd7 27. a4 Re8 28. Qd2 Re6 29. Ba3 Nc8 30. Nd4 Re5 31. Nb5 Bf8 32. Rc3 Qd8 33. Rc7 Nb6 34. Qc2 Bg7 35. Bb4 a6 36. Na3 Nd5 37. Bd2 Nxc7 38. dxc7 Qc8 39. Qc4+ Kf8 40. Nc2 Re6 41. Ba5 Rc6 42. Qb4+ Kf7 43.
Nd4 Rc1+ 44. Kh2 Bf8 45. Qb6 Bc5 46. Qe6+ Qxe6 47. Nxe6 Bd6 48. Nd8+ Ke7 49. Nxb7 Bxc7 50. Bb4+ Kd7 51. Nc5+ Kc6 52. Nxa6 Rb1 53. Nxc7 Kxc7 54. Be7 Rxb3 55. Bxf6 h6 56. Bg7 Rb6 57. a5 Ra6 58.
Kh3 h5 59. g3 fxg3 60. fxg3 Rxa5 61. Bf6 Kd7 62. Bc3 Rd5 63. Bf6 Ke6 64. Bc3 Kf5 0-1

[Event "*** SCC Grand Prix: Titled Tuesday Blitz"]
[Site "Chess.com"]
[Date "2020.07.14"]
[Round "3"]
[White "nocnypako"]
[Black "Maaikee"]
[Result "1/2-1/2"]
[WhiteElo "2585"]
[BlackElo "2315"]
[TimeControl "180+1"]
[EndTime "10:30:01 PDT"]
[Termination "Game drawn - insufficient material"]

1. d4 e6 2. c4 Nf6 3. Nc3 Bb4 4.
e3 O-O 5. Ne2 c6 6. a3 Ba5 7. b4 Bc7 8. Bb2 d5 9. Ng3 Nbd7 10.
cxd5 exd5 11. Bd3 Nb6 12. b5 Re8 13. O-O Bg4 14. Qc2 cxb5 15. Nxb5 Bxg3 16. hxg3 Rc8 17. Qb3 a6 18. Nc3 Ne4 19. Rfc1 Nd2 20. Qc2 Ne4 21.
Bxe4 dxe4 22. Qb3 Rc6 23. Na4 Rh6 24. Nxb6 Rxb6 25. Qc3 Qg5 26. d5 Rh6 27. Qd4 f6 28. d6 Qh5 29. f4 exf3 30. Kf2 fxg2 31. d7 Qf5+ 32. Qf4 Qxd7 33. Rc2 Rh2 34. Rg1 Qd3 35.
Qc4+ Qxc4 36. Rxc4 Be6 37. Rd4 Rc8 38. Rd2 Bf5 39. Rxg2 Rxg2+ 40. Kxg2 Be4+ 41. Kf2 Rc2 42.
Rxc2 Bxc2 43. Kf3 Kf7 44. Kf4 Ke6 45. Bd4 b5 46. Bc3 Bd3 47. g4 Bc4 48. g5 fxg5+ 49. Kxg5 Kd5 50. Bxg7 Ke4 51. Bd4 Bd3 52. Kh6 Kd5 53.
Bb6 Kc4 54. Ba5 Kb3 55. Bb4 a5 56. Be7 b4 57. axb4 axb4 58. Kg5 Kc3 59. Kf4 b3 60. e4 b2 61. Bf6+ Kc2 62. Bxb2 Kxb2 63. e5 Bc4 64. Kg5 Kc3 65. Kh6 Bg8 66. e6 Bxe6 67. Kxh7 1/2-1/2

[Event "*** SCC Grand Prix: Titled Tuesday Blitz"]
[Site "Chess.com"]
[Date "2020.07.14"]
[Round "3"]
[White "andrzej"]
[Black "MergenKakabaev"]
[Result "0-1"]
[WhiteElo "2197"]
[BlackElo "2433"]
[TimeControl "180+1"]
[EndTime "10:30:01 PDT"]
[Termination "MergenKakabaev won on time"]

1. d4 d5 2. c4 c6 3. cxd5 cxd5 4.
Bf4 Nf6 5. e3 Nc6 6. Nc3 Bg4 7.
Qb3 Na5 8. Qa4+ Bd7 9. Qc2 e6 10. Bd3 Rc8 11. Nf3 Nc4 12. O-O Be7 13. Ne5 O-O 14.
Bg5 h6 15. Bh4 Nxe5 16. dxe5 Ne8 17. Bxe7 Qxe7 18. Qe2 Nc7 19. Rac1 Na8 20. Bb1 Nb6 21.
Qd3 g6 22. e4 Bc6 23. exd5 Bxd5 24. Qe3 Kh7 25. b3 Qg5 26. Nxd5 Nxd5 27. Qxg5 hxg5 28. Rc4 Rxc4 29. bxc4 Nf4 30. Be4 b6 31. g3 Ne2+ 32. Kg2 Rc8 33. Re1 Nd4 34. Rc1 Kg7 35.
f4 gxf4 36. gxf4 Ne2 37. Rc2 Nxf4+ 38. Kf3 g5 39. h4 Ng6 40. Bxg6 Kxg6 41. hxg5 Kxg5 42.
Ke4 Rd8 43. Rg2+ Kh6 44. Rf2 Kg7 45. Rg2+ Kf8 46. Rc2 Ke7 47. c5 Rc8 48. c6 Rc7 49.
a4 a6 50. Kd4 Kd8 51. Ke4 Kc8 52. Kd4 Re7 53. Kc4 Kc7 0-1

[Event "*** SCC Grand Prix: Titled Tuesday Blitz"]
[Site "Chess.com"]
[Date "2020.07.14"]
[Round "3"]
[White "RobPeresian"]
[Black "denispopov"]
[Result "1-0"]
[WhiteElo "2237"]
[BlackElo "1747"]
[TimeControl "180+1"]
[EndTime "10:30:01 PDT"]
[Termination "RobPeresian won by checkmate"]

1. e4 c5 2. Nf3 Nc6 3. Bb5 g6 4. O-O Bg7 5. Re1 Nf6 6. e5 Nd5 7. Nc3 Nc7 8. Bf1 O-O 9. d3 Ne6 10. Be3 b6 11. Bd2 Bb7 12. h4 h5 13. g3 d6 14.
exd6 exd6 15. Ng5 Ncd4 16. Bg2 Bxg2 17. Kxg2 Qc7 18. Nd5 Qb7 19. c4 b5 20. Bc3 b4 21.
Bxd4 Nxd4 22. Nf3 Rae8 23. Nxd4 Bxd4 24. Rb1 Kg7 25. Qf3 Re6 26. Re4 Rxe4 27. Qxe4 Rd8 28. b3 Qd7 29. Re1 Qf5 30. Qxf5 gxf5 31. Re7 Bf6 32.
Rxa7 Re8 33. Nf4 Be5 34. Nxh5+ Kg6 35. Nf4+ Bxf4 36. gxf4 Kh5 37. Rxf7 Rg8+ 38. Kf3 Kg6 39. Rd7 Ra8 40. Rxd6+ Kf7 41. Rd5 Rxa2 42. Rxf5+ Kg6 43. Rxc5 Rb2 44. Rb5 Rxb3 45. Ke4 Rb2 46. d4 Re2+ 47. Kd5 Rxf2 48. c5 Rb2 49. Kc4 Kf6 50. Rxb4 Rc2+ 51. Kd5 Rc1 52. Rb6+ Ke7 53. h5 Rh1 54. h6 Kd7 55.
Rg6 Kc7 56. Rg7+ Kb8 57. h7 Ka8 58. Rg8+ Kb7 59. h8=Q Rxh8 60. Rxh8 Ka6 61. Rh6+ Ka5 62. c6 Ka4 63. c7 Kb3 64. c8=Q Kb2 65. Rb6+ Ka2 66. Qa8# 1-0

[Event "*** SCC Grand Prix: Titled Tuesday Blitz"]
[Site "Chess.com"]
[Date "2020.07.14"]
[Round "3"]
[White "Mr_Sinigami"]
[Black "nrvisakh"]
[Result "0-1"]
[WhiteElo "2579"]
[BlackElo "2776"]
[TimeControl "180+1"]
[EndTime "10:30:02 PDT"]
[Termination "nrvisakh won on time"]

1. d4 Nf6 2. Nf3 g6 3. Bf4 Bg7 4. e3 O-O 5. h3 d6 6. Be2 Nbd7 7. O-O Qe8 8. c4 e5 9. Bh2 Qe7 10. Nc3 e4 11. Nd2 Re8 12. a3 h5 13. b4 Nf8 14.
Rc1 g5 15. Bxh5 Nxh5 16. Qxh5 Bf5 17. c5 Bg6 18. Qe2 dxc5 19. Nd5 Qd7 20. Nxc7 cxd4 21. Nxa8 Rxa8 22. exd4 Ne6 23. Nb3 Nf4 24. Bxf4 gxf4 25. Qg4 Qd5 26. Rc3 f3 27. Rfc1 Bh6 28. Rc8+ Rxc8 29.
Rxc8+ Kh7 30. Rc3 Bh5 31. Qg3 fxg2 32. Qe5 Qxe5 33. dxe5 Bf4 34. e6 fxe6 35. Nc5 Bf3 36. Nxe6 Be5 37. Re3 Kg6 38. Nc5 Kf5 39. Nxb7 Bd4 40.
Re1 Kf4 41. Nc5 Bb2 42. a4 Bc3 43. Rb1 e3 44. Nd3+ Ke4 45. Nc5+ Kf4 46. Nd3+ Ke4 47.
Nc5+ Kd4 48. Ne6+ Kd3 49. Nc5+ Kc2 50. Rb3 e2 51. Rxc3+ Kxc3 52. Nd3 Kxd3 53. Kh2 e1=Q 0-1

[Event "*** SCC Grand Prix: Titled Tuesday Blitz"]
[Site "Chess.com"]
[Date "2020.07.14"]
[Round "3"]
[White "SavelievAlexei"]
[Black "MomchilPetkov"]
[Result "0-1"]
[WhiteElo "2388"]
[BlackElo "2578"]
[TimeControl "180+1"]
[EndTime "10:30:02 PDT"]
[Termination "MomchilPetkov won by resignation"]

1. e4 c5 2. Nf3 d6 3. Nc3 a6 4. d4 cxd4 5. Nxd4 Nf6 6. Be2 e5 7. Nb3 Be7 8. Be3 Be6 9. Nd5 Nbd7 10. Qd3 Bxd5 11. exd5 O-O 12. O-O Rc8 13. c4 Ne8 14.
Qd2 b6 15. Rac1 a5 16. Na1 g6 17. a3 a4 18. Nc2 Ng7 19. Nb4 Nc5 20. Nc6 Qe8 21. Bd1 Ra8 22. Qb4 Nd3 23. Qxb6 Nxc1 24. Bxc1 Nf5 25. Bd2 Bd8 26. Qb7 Bf6 27. Ba5 Nd4 28. Bb4 Qc8 29. Qxc8 Rfxc8 30. Bg4 Nxc6 31. dxc6 Rxc6 32. Bf3 Rac8 33. Bxc6 Rxc6 34. Rc1 e4 35. Rc2 d5 36. c5 d4 37. Kf1 d3 38. Rc4 Bxb2 39. Rxe4 d2 40. Ke2 Bc1 41. Rd4 Kg7 42. Rd6 Rc8 43. c6 Re8+ 44. Kd1 Rc8 45. Kc2 f6 46. Bc3 Bxa3 47. Rxf6 Kg8 48. Kxd2 Be7 49. Re6 Kf7 50. Re4 a3 51. Rc4 Ke6 52.
Kc2 Kd5 53. Rd4+ Kxc6 54. Rc4+ Kd7 55. Rxc8 Kxc8 56. Kb3 Kd7 57. Bd2 Ke6 58. Bc1 Bd6 59.
h3 Bc5 60. f3 Kd5 61. Bxa3 Bxa3 62. Kxa3 Kd4 63. Kb3 Ke3 64. Kc4 Kf2 65. Kd4 Kxg2 0-1

[Event "*** SCC Grand Prix: Titled Tuesday Blitz"]
[Site "Chess.com"]
[Date "2020.07.14"]
[Round "3"]
[White "Sibelephant"]
[Black "Bulldog167"]
[Result "0-1"]
[WhiteElo "3127"]
[BlackElo "2716"]
[TimeControl "180+1"]
[EndTime "10:30:03 PDT"]
[Termination "Bulldog167 won by resignation"]

1. d4 Nf6 2. Bg5 c5 3. d5 d6 4. Nc3 h6 5. Bxf6 exf6 6. e4 f5 7. Bb5+ Nd7 8. exf5 Be7 9. Nf3 a6 10. Bd3 b5 11. a4 b4 12. Ne4 Nf6 13. Ng3 O-O 14.
O-O Re8 15. c4 Nd7 16. Qd2 Bf6 17. Nh5 Ne5 18. Nxe5 Bxe5 19. Rae1 Bd7 20. g3 Bxa4 21. Re3 Qg5 22. Be2 Bd4 23. Rxe8+ Rxe8 24. Nf4 Be5 25. Bd3 Bxf4 26. Qxf4 Qxf4 27. gxf4 Bb3 28. Ra1 Ra8 29.
Ra5 Kf8 30. Kf1 Ke7 31. Ke2 Kd7 32. Kd2 Kc7 33. Ra1 a5 34. Rg1 a4 35. Bc2 Bxc4 36. Be4 a3 37. bxa3 bxa3 38. Kc3 a2 39. Ra1 Bb5 40.
Kb3 Ra4 41. Bc2 Rxf4 42. Kxa2 Rxf2 43. Kb3 Bc4+ 44. Kxc4 Rxc2+ 45. Kd3 Rxh2 46. Ra7+ Kb6 47. Rxf7 Rh3+ 48. Ke4 Rh4+ 49. Ke3 Rg4 50. Rd7 c4 51.
Rxd6+ Kc5 52. Rd8 c3 53. Rc8+ Kxd5 54. Kf3 Rc4 55. Rd8+ Ke5 0-1

[Event "*** SCC Grand Prix: Titled Tuesday Blitz"]
[Site "Chess.com"]
[Date "2020.07.14"]
[Round "3"]
[White "Chess_Boxer123"]
[Black "Sam_ChessMood"]
[Result "1-0"]
[WhiteElo "2582"]
[BlackElo "2804"]
[TimeControl "180+1"]
[EndTime "10:30:03 PDT"]
[Termination "Chess_Boxer123 won by checkmate"]

1. d4 d5 2. Bf4 Nf6 3. e3 c5 4.
Nf3 Nc6 5. Nbd2 Nh5 6. Bg5 h6 7. Bh4 g5 8. Bg3 Nxg3 9. hxg3 Bg7 10. c3 Qb6 11. Rb1 Bf5 12. dxc5 Qxc5 13. Nb3 Qd6 14. Bd3 Bd7 15. Qe2 O-O-O 16. Nbd4 Kb8 17. O-O e6 18. Bb5 g4 19. Nh4 h5 20. Bxc6 Bxc6 21. Rfd1 Ka8 22. e4 dxe4 23. Ndf5 Qe5 24. Ne7 Qc7 25. Nxc6 Qxc6 26.
Rxd8+ Rxd8 27. Rd1 Rxd1+ 28. Qxd1 Bf6 29. Qd2 Qd5 30.
Qxd5 exd5 31. Nf5 b5 32. Nd6 b4 33. cxb4 Bxb2 34. Nxf7 d4 35. Kf1 d3 36. Ke1 Bc3+ 37. Kd1 Bxb4 38. Ng5 Kb7 39. Nxe4 Kc6 40. Nf6 Kc5 41. Nxh5 Kc4 42. Nf6 Kc3 43. Nxg4 Kb2 44.
Ne5 Kxa2 45. Nxd3 Bf8 46. Kc2 a5 47. f4 a4 48. g4 a3 49. Nc1+ Ka1 50. g5 Bd6 51. g3 Bc5 52. Nb3+ Ka2 53. Nxc5 Ka1 54. Nb3+ Ka2 55. Nc1+ Ka1 56. g4 a2 57. Nb3# 1-0

[Event "*** SCC Grand Prix: Titled Tuesday Blitz"]
[Site "Chess.com"]
[Date "2020.07.14"]
[Round "3"]
[White "plumalka"]
[Black "TheCount"]
[Result "0-1"]
[WhiteElo "2424"]
[BlackElo "2713"]
[TimeControl "180+1"]
[EndTime "10:30:05 PDT"]
[Termination "TheCount won by resignation"]

1. e4 c5 2. Nf3 Nc6 3. d4 cxd4 4. Nxd4 Qb6 5. Nb3 Nf6 6. Bd3 d5 7. exd5 Nxd5 8. O-O e6 9. c4 Nf6 10. Nc3 Be7 11.
Bg5 h6 12. Bh4 O-O 13. Kh1 Rd8 14. Qe2 Nd4 15. Nxd4 Qxd4 16. Bxf6 Qxf6 17. Rad1 Bd7 18. Ne4 Qe5 19. f4 Qa5 20. a3 Bc6 21. Ng3 Bf6 22.
f5 exf5 23. Nxf5 Qe5 24. Qg4 Kf8 25. b4 a6 26. Qh3 Bg5 27. c5 Ba4 28. Rde1 Qc3 29.
Nd6 Bf6 30. Qh5 Rxd6 31. cxd6 Qxd3 32. h3 Qxd6 33. Qf3 Bc6 34. Qb3 Qd5 35. Qc2 Qh5 36.
Re3 Kg8 37. Rf5 Qh4 38. Rf1 Rd8 39. Qe2 Bg5 40. Re5 Qxh3+ 41. Kg1 Qh4 42. Qe1 Qd4+ 43. Kh1 Qd2 44. Qxd2 Rxd2 45. Rfe1 Bf6 46. R5e2 Rd4 47.
Rc2 Rh4+ 48. Kg1 Bd4+ 49. Kf1 Rf4+ 50. Ke2 Rf2+ 51. Kd3 Rxc2 52. Kxc2 Bxg2 53. Rd1 Be5 54. Rd7 Bc6 55. Rd8+ Kh7 56. Kd3 h5 57. Ke2 h4 58.
Rd3 g5 59. Rh3 f6 60. a4 Kg6 61. b5 axb5 62. axb5 Bxb5+ 63. Kf3 Bc6+ 64. Kf2 f5 65. Kg1 Bg3 66. Kf1 g4 0-1

[Event "*** SCC Grand Prix: Titled Tuesday Blitz"]
[Site "Chess.com"]
[Date "2020.07.14"]
[Round "3"]
[White "sorito"]
[Black "chezzgirl04"]
[Result "1/2-1/2"]
[WhiteElo "2438"]
[BlackElo "2014"]
[TimeControl "180+1"]
[EndTime "10:30:05 PDT"]
[Termination "Game drawn - insufficient material"]

1. Nf3 d5 2. g3 c5 3. Bg2 Nc6 4. O-O e5 5. d3 Nf6 6. e4 d4 7. a4 Bd6 8. Na3 a6 9. Nh4 O-O 10. Nf5 Bxf5 11. exf5 Qd7 12. Nc4 Bc7 13. Qf3 Rae8 14. Re1 e4 15. dxe4 b5 16. axb5 axb5 17.
Na3 Ne5 18. Qd1 b4 19. Nb1 c4 20. f4 Neg4 21. h3 Nh6 22. Nd2 d3 23. cxd3 Qd4+ 24.
Kh2 Qxd3 25. e5 c3 26. bxc3 bxc3 27. Nb3 Qc4 28. Be3 c2 29. Qf3 Qxb3 30. Bf2 Nxf5 31.
Qxb3 c1=Q 32. Raxc1 Ba5 33. Red1 Nh5 34. Qa4 Bc7 35.
g4 Nxf4 36. Qxf4 Bxe5 37. Qxe5 Rxe5 38. gxf5 Rxf5 39. Bg3 h5 40. Rf1 Ra5 41. h4 Re8 42.
Rf2 Re3 43. Rcf1 Raa3 44. Bf4 Reb3 45. Bd5 Rh3+ 46. Kg2 Rxh4 47. Bg3 Rg4 48. Bxf7+ Kh8 49. Rf3 h4 50. Bh5 Rxg3+ 51. Rxg3 Rxg3+ 52. Kh2 Kh7 53. Bf3 g5 54. Be4+ Kg7 55. Rf3 Rxf3 56. Bxf3 Kf6 57. Bg4 Ke5 58. Kh3 Kf4 59. Bc8 Ke5 60. Bd7 Kf4 61.
Bc8 g4+ 62. Bxg4 Kg5 63. Bd7 Kf6 64. Kxh4 1/2-1/2